 Dungeon Crawl Stone Soup version 0.29.1-15-g9cfb28693d (webtiles) character file.

Game seed: 10724253497582727912

4691 ThatPearl the Fighter (level 10, -3/94 HPs)
             Began as a Minotaur Fighter on Mar 11, 2023.
             Was an Elder of Zin.
             Slain by an orc knight
             ... wielding a +0 glaive
              (27 damage)
             ... in a bailey.
             The game lasted 00:17:10 (8449 turns).

ThatPearl the Fighter (Minotaur Fighter)            Turns: 8449, Time: 00:17:10

Health: -3/94      AC: 11    Str: 20    XL:     10   Next: 21%
Magic:  13/13      EV: 11    Int:  5    God:    Zin [****..]
Gold:   458        SH:  5    Dex: 15    Spells: 9/9 levels left

rFire   . . .      SeeInvis .   a - +0 war axe
rCold   . . .      Faith    .   c - +0 buckler
rNeg    . . .      Spirit   .   b - +0 scale mail
rPois   +          Reflect  .   (helmet restricted)
rElec   .          Harm     .   H - +0 cloak
rCorr   .          Rampage  .   (no gloves)
Will    .....                   N - +1 pair of boots
Stlth   ..........              L - amulet of the acrobat
HPRegen 0.25/turn               J - +4 ring of slaying
MPRegen 0.13/turn               t - ring of poison resistance

@: on recite cooldown
A: horns 2, retaliatory headbutt
a: Renounce Religion, Recite, Vitalisation, Imprison, Donate Gold


You were in a bailey.
You worshipped Zin.
Zin was greatly pleased with you.
You visited 2 branches of the dungeon, and saw 9 of its levels.
You also visited: Bailey.

You collected 508 gold pieces.
You donated 50 gold pieces to Zin.

Inventory:

Hand Weapons
 a - a +0 war axe (weapon)
 j - a +0 sling
 C - a +1 whip of flaming
 E - a +4 halberd
 K - a +3 spear
 O - a +1 halberd of flaming
Missiles
 l - 67 stones (quivered)
 x - 2 javelins
Armour
 b - a +0 scale mail (worn)
 c - a +0 buckler (worn)
 H - a +0 cloak (worn)
 N - a +1 pair of boots (worn)
 P - a scarf of resistance
Jewellery
 k - a ring of resist corrosion
 t - a ring of poison resistance (right hand)
 I - a ring of flight
 J - a +4 ring of slaying (left hand)
 L - an amulet of the acrobat (around neck)
Wands
 z - a wand of paralysis (10)
 D - a wand of flame (1)
Scrolls
 f - 2 scrolls of noise {unknown}
 g - a scroll of silence {unknown}
 i - 4 scrolls of identify {unknown}
 o - 4 scrolls of magic mapping {unknown}
 p - 3 scrolls of butterflies {unknown}
 q - 2 scrolls of vulnerability {unknown}
 s - 2 scrolls of fear {unknown}
 u - 2 scrolls of poison {unknown}
 v - a scroll of torment {unknown}
 y - a scroll of amnesia {unknown}
 B - 2 scrolls of teleportation {unknown}
 F - a scroll of brand weapon {unknown}
Potions
 d - 2 potions of might
 e - a potion of attraction {unknown}
 h - 4 potions of mutation {unknown}
 m - 10 potions of curing {unknown}
 n - 2 potions of brilliance {unknown}
 r - 3 potions of heal wounds
 w - a potion of lignification
 A - a potion of magic {unknown}
 G - 2 potions of ambrosia {unknown}
 M - 2 potions of cancellation {unknown}
 Q - 2 potions of haste
 R - a potion of resistance {unknown}


   Skills:
 + Level 10.6 Fighting
 + Level 10.3 Axes
 - Level 8.0 Armour
 + Level 4.3 Dodging
 - Level 3.6 Shields
 + Level 5.6 Invocations


You had 9 spell levels left.
You didn't know any spells.
Your spell library contained the following spells:

 Spells                   Type           Power      Damage    Failure   Level
 Sublimation of Blood     Necr           0%         N/A       95%         2
 Call Canine Familiar     Summ           0%         N/A       99%         3
 Portal Projectile        Hex/Tloc       0%         N/A       99%         3
 Fulminant Prism          Conj/Hex       0%         3d6       100%        4
 Iskenderun's Mystic Bla  Conj/Tloc      0%         2d3       100%        4
 Leda's Liquefaction      Hex/Erth       0%         N/A       100%        4
 Petrify                  Tmut/Erth      0%         N/A       100%        4
 Blade Hands              Tmut           0%         N/A       100%        5
 Irradiate                Conj/Tmut      0%         3d11      100%        5
 Lee's Rapid Deconstruct  Erth           0%         3d5*      100%        5
 Dispersal                Tloc           0%         N/A       100%        6
 Dragon Form              Tmut           0%         N/A       100%        7
 Disjunction              Tloc           0%         N/A       100%        8


Dungeon Overview and Level Annotations

Branches:
Dungeon (8/15)             Temple (1/1) D:5          Bailey (1/1)
   Lair: D:8-11

Altars:
Cheibriados
Dithmenos
Elyvilon
Gozag
Hepliaklqana
Kikubaaqudgha
Makhleb
Nemelex Xobeh
Qazlal
Ru
Sif Muna
Trog
Uskayaw
Vehumet
Wu Jian
Xom
Yredelemnul
Zin
The Shining One

Shops:
D:2 :   D:7 :

Annotations:
D:8 1 runed translucent door, Psyche; mkat's ghost, novice PaWn


Innate Abilities, Weirdness & Mutations

You have a pair of horns on your head.
You reflexively headbutt those who attack you in melee.


Message History

Magic restored.
You start resting.
An orc knight opens the gate.
It is wielding a +0 glaive.
Activating: Recite (0% risk of failure)
Press: ? - help, Dir - look around, f - activate You clear your throat and prepare to recite. "And Zin decreed that the people would be..."
The orc knight is confused by your recitation.
The orc knight shouts! x2 "...protected from profanity in all its forms, and..."
There is an open gate here.
You barely miss the orc knight. "...preserved in their reverence for all the days to come."
You finish reciting Anathema 21:22.
You slash the orc knight!
The orc knight is lightly wounded.
The orc knight misses you.
The orc knight hits itself with a +0 glaive!
You hit the orc knight.
The orc knight is heavily wounded.
You hit the orc knight but do no damage.
The orc knight is heavily wounded.
The orc knight seems less confused.
The orc knight hits you with a +0 glaive.
* * * LOW HITPOINT WARNING * * *
You hit the orc knight. Your headbutt misses the orc knight.
The orc knight is heavily wounded.
The orc knight hits you but does no damage.
Okay, then.
You feel much better.
The orc knight hits you with a +0 glaive!
* * * LOW HITPOINT WARNING * * *
You slash the orc knight!
The orc knight is severely wounded.
The orc knight barely misses you.
You slash the orc knight!
The orc knight is severely wounded.
You block the orc knight's attack.
The orc knight hits you with a +0 glaive!!
You die...

### ####### ##### ).##
##.....#########.....#
)..######.......#.....#.......
)..#...)#.)##...'.....'..#....
...'...)').8....@o...)'......o
...#....#.)##.).'.).).)..#..
...######....)).#.)...#.......
..## ##...).#########.....#
### ####### ######


You could see an orc knight.

Vanquished Creatures
  Pikel (D:7)
  An orc knight (Bailey)
  6 yaks (D:8)
  A water moccasin (D:6)
  2 black bears
  7 orc warriors
  2 sky beasts (D:7)
  3 ogres
  2 lemures (D:7)
  3 bullfrogs
  3 scorpions
  A necrophage (D:6)
  3 howler monkeys
  5 jellies
  3 gnoll boudas
  3 orc priests
  7 hounds
  An iguana (D:5)
  Jessica (D:2)
  4 orc wizards
  16 gnolls
  5 adders
  3 white imps (D:6)
  A worm (D:4)
  3 dart slugs
  33 orcs
  7 ball pythons
  4 endoplasms
  10 giant cockroaches
  10 goblins
  5 hobgoblins
  3 jackals (D:1)
  6 kobolds
  A quokka (D:1)
  6 bats
  3 frilled lizards (D:1)
  9 rats
184 creatures vanquished.

Vanquished Creatures (others)
  11 plants
11 creatures vanquished.

Grand Total: 195 creatures vanquished

Notes
Turn   | Place    | Note
-------+----------+-------------------------------------------
     0 | D:1      | ThatPearl the Minotaur Fighter began the quest for the Orb.
     0 | D:1      | Reached XP level 1. HP: 19/19 MP: 0/0
   255 | D:1      | Reached XP level 2. HP: 7/27 MP: 1/1
   746 | D:1      | Reached XP level 3. HP: 34/34 MP: 2/2
  1193 | D:2      | Found Uffer's Book Emporium.
  1415 | D:2      | Noticed Jessica
  1421 | D:2      | Killed Jessica
  1594 | D:2      | Reached XP level 4. HP: 38/41 MP: 3/3
  1868 | D:2      | Reached skill level 5 in Fighting
  2288 | D:3      | Found a sacrificial altar of Ru.
  2552 | D:3      | Found a faded altar of an unknown god.
  2647 | D:3      | Found a radiant altar of Vehumet.
  3056 | D:4      | Noticed a black bear
  3065 | D:4      | Killed a black bear
  3066 | D:4      | Reached skill level 5 in Axes
  3066 | D:4      | Reached XP level 5. HP: 42/50 MP: 4/4
  3463 | D:4      | Reached XP level 6. HP: 4/57 MP: 5/5
  4305 | D:5      | Entered Level 5 of the Dungeon
  4480 | D:5      | Reached XP level 7. HP: 57/64 MP: 6/6
  4514 | D:5      | Reached skill level 5 in Armour
  5139 | D:5      | Reached XP level 8. HP: 23/74 MP: 7/7
  5512 | D:5      | Found a staircase to the Ecumenical Temple.
  5518 | Temple   | Entered the Ecumenical Temple
  5702 | Temple   | Became a worshipper of Zin the Law-Giver
  5702 | Temple   | Reached * piety under Zin
  6042 | D:6      | Reached ** piety under Zin
  6124 | D:6      | Reached skill level 1 in Invocations
  6723 | D:6      | Found a glowing golden altar of the Shining One.
  7197 | D:7      | Noticed Pikel
  7214 | D:7      | Killed Pikel
  7215 | D:7      | Reached XP level 9. HP: 67/83 MP: 8/10
  7345 | D:7      | Found Imniru's Vocational Training.
  7565 | D:7      | Reached *** piety under Zin
  7704 | D:7      | Reached skill level 1 in Dodging
  8029 | D:8      | Noticed Psyche
  8056 | D:8      | Reached skill level 10 in Fighting
  8121 | D:8      | Found a runed translucent door.
  8123 | D:8      | Noticed mkat's ghost (novice PaWn)
  8123 | D:8      | Noticed a polar bear
  8123 | D:8      | Identified the +6 trident of a Labyrinth {vorpal, rPois
                  | rC+}
  8126 | D:8      | Reached skill level 5 in Invocations
  8126 | D:8      | Noticed a polar bear
  8154 | D:8      | Found a flagged portal.
  8166 | Bailey   | Entered a bailey
  8271 | Bailey   | Reached **** piety under Zin
  8307 | Bailey   | Reached skill level 10 in Axes
  8307 | Bailey   | Reached XP level 10. HP: 94/94 MP: 12/12
  8335 | Bailey   | Noticed an orc knight
  8335 | Bailey   | Noticed an orc knight
  8386 | Bailey   | Killed an orc knight
  8449 | Bailey   | Slain by an orc knight

Illustrated notes

Levels and vault maps discovered:
D:1:      dpeg_arrival_concentric_ovals, layout_basic,
          dreamdust_mushroom_princess, nicolae_eternal_life,
          nicolae_grassy_gnolls
D:2:      minmay_roachtagon, layout_loops_ring, serial_shops, shop,
          nicolae_elevator_lobby_plus, uniq_jessica
D:3:      layout_loops_corners, mainiacjoe_overflow_tiny_flanked,
          mainiacjoe_overflow_chevrons, shapermc_ecumenical_altar_gd,
          grunt_decor_clamped
D:4:      layout_basic, serial_glass, glass_columns_a, glass_columns_a
D:5:      layout_cave_pools, temple_doors_ab
D:6:      layout_basic, nicolae_tso_swordbearing_angel
D:7:      layout_rooms, nicolae_shop_vocational, uniq_pikel
D:8:      layout_basic, fedhas_bush_and_centaur_altar, enter_bailey_3,
          ebering_ghost_funeral_grove, minmay_alternating_orb, uniq_psyche,
          uniq_amaemon
Temple:   compressed_dpeg_triangle_lava_temple
Bailey:   bailey_polearm_5, bailey

Skill      XL: |  1  2  3  4  5  6  7  8  9 10 |
---------------+-------------------------------+-----
Fighting       | 4 6 7 9 10 | 10.6
Axes           | 3 4 5 6 7 8 10 | 10.3
Armour         | 4 6 7 8 |  8.0
Invocations    | 3 5 |  5.6
Dodging        | 3 4 |  4.3
Shields        | |  3.6

Action                   |  1- 3 |  4- 6 |  7- 9 | 10-12 || total
-------------------------+-------+-------+-------+-------++-------
Melee: War axe           |    57 |   125 |   204 |    30 ||   416
       Headbutt          |     7 |    13 |    38 |     7 ||    65
Throw: Stone             |       |     1 |       |       ||     1
Invok: Recite            |       |       |     1 |     1 ||     2
       Imprison          |       |       |       |     1 ||     1
  Use: Potion            |       |       |     1 |     5 ||     6
       Scroll            |       |       |     1 |       ||     1
Armor: Scale mail        |    26 |    64 |    66 |     5 ||   161
Dodge: Dodged            |    24 |    67 |   128 |    26 ||   245
Block: Buckler           |    12 |    39 |    53 |     8 ||   112
